[ AOE2 MATCH · #460672903 ]
Team RMVikings vs Dravidians
[ REPLAY ANALYSIS · EXTRACTED FROM THE RECORDED GAME ]
Feudal
14:01
Castle
18:42
Imperial
34:42
| APM avg | 23.5 |
| APM peak | 78 |
| eAPM avg | 18.0 |
| Villagers / military | 123 / 588 |
Focus
⚔️ 63.3% · 🌾 36.7%
Militia ×324 · Spearman ×247 · Trade Cart ×13 · Berserk ×10 · Trebuchet (Packed) ×6 · Monk ×1
Feudal
14:07
Castle
21:58
Imperial
36:56
| APM avg | 29.6 |
| APM peak | 55 |
| eAPM avg | 14.4 |
| Villagers / military | 126 / 160 |
Focus
⚔️ 23.8% · 🌾 76.2%
Militia ×144 · Genitour ×8 · Fishing Ship ×5 · Urumi Swordsman ×4 · Skirmisher ×3 · Unknown (1750) ×3
Feudal
12:44
Castle
21:44
Imperial
47:05
| APM avg | 8.2 |
| APM peak | 23 |
| eAPM avg | 6.7 |
| Villagers / military | 99 / 143 |
Focus
⚔️ 25.4% · 🌾 74.6%
Knight ×53 · Skirmisher ×52 · Spearman ×15 · Galley ×9 · Trade Cart ×8 · Mangonel ×7
Feudal
12:10
Castle
16:42
Imperial
37:37
| APM avg | 28.5 |
| APM peak | 84 |
| eAPM avg | 17.7 |
| Villagers / military | 139 / 310 |
Focus
⚔️ 33.0% · 🌾 67.0%
Camel Archer ×148 · Scout Cavalry ×126 · Trade Cart ×53 · Knight ×25 · Bombard Cannon ×9 · Monk ×2
Feudal
9:50
Castle
23:29
Imperial
28:34
| APM avg | 14.5 |
| APM peak | 32 |
| eAPM avg | 11.0 |
| Villagers / military | 161 / 450 |
Focus
⚔️ 33.3% · 🌾 66.7%
Scout Cavalry ×219 · Ballista Elephant ×87 · Knight ×83 · Skirmisher ×35 · Militia ×16 · Battering Ram ×4
Feudal
22:36
Castle
40:11
Imperial
—
| APM avg | 16.7 |
| APM peak | 46 |
| eAPM avg | 12.3 |
| Villagers / military | 91 / 234 |
Focus
⚔️ 45.9% · 🌾 54.1%
Knight ×63 · Spearman ×53 · Militia ×52 · Janissary ×48 · Trade Cart ×25 · Scout Cavalry ×11
Feudal
15:10
Castle
22:10
Imperial
36:52
| APM avg | 21.6 |
| APM peak | 110 |
| eAPM avg | 14.4 |
| Villagers / military | 105 / 252 |
Focus
⚔️ 44.0% · 🌾 56.0%
Huskarl ×131 · Spearman ×91 · Trade Cart ×39 · Knight ×30
Feudal
13:24
Castle
19:33
Imperial
32:43
| APM avg | 24.9 |
| APM peak | 52 |
| eAPM avg | 12.3 |
| Villagers / military | 90 / 296 |
Focus
⚔️ 29.8% · 🌾 70.2%
Spearman ×215 · Organ Gun ×75 · Trade Cart ×48 · Fishing Ship ×7 · Trebuchet (Packed) ×6
Match map
Initial resources + every placement click. Lines = walls · curves = elevation contours. ◆ gold · ⬟ stone · ● berries · ✦ relic · ◌ wall gap
Inputs per minute
— Patheris - - Halshy
Build order — Patheris
First 150 of 891 actions detected
| 0:06 | Build | House |
| 0:12 | Build | House |
| 0:13 | Create | Villager (Male) |
| 0:14 | Create | Villager (Male) |
| 0:21 | Create | Villager (Male) |
| 0:33 | Create | Villager (Male) |
| 1:11 | Research | Loom |
| 1:13 | Create | Villager (Male) |
| 1:20 | Build | Palisade Wall |
| 2:09 | Create | Villager (Male) |
| 2:25 | Build | Lumber Camp |
| 2:57 | Create | Villager (Male) |
| 3:43 | Create | Villager (Male) |
| 3:43 | Create | Villager (Male) |
| 3:43 | Create | Villager (Male) |
| 4:20 | Create | Villager (Male) |
| 4:20 | Create | Villager (Male) |
| 4:33 | Create | Villager (Male) |
| 4:33 | Create | Villager (Male) |
| 5:15 | Build | Mill |
| 5:18 | Create | Villager (Male) |
| 5:26 | Build | House |
| 5:32 | Create | Villager (Male) |
| 6:04 | Create | Villager (Male) |
| 6:47 | Create | Villager (Male) |
| 6:47 | Create | Villager (Male) |
| 7:01 | Create | Villager (Male) |
| 7:26 | Build | House |
| 7:33 | Create | Villager (Male) |
| 7:33 | Create | Villager (Male) |
| 7:44 | Build | Mining Camp |
| 7:53 | Build | Farm |
| 8:00 | Create | Villager (Male) |
| 8:01 | Create | Villager (Male) |
| 8:45 | Create | Villager (Male) |
| 8:45 | Create | Villager (Male) |
| 9:22 | Build | House |
| 9:31 | Build | Lumber Camp |
| 9:37 | Create | Villager (Male) |
| 9:58 | Build | Farm |
| 10:05 | Create | Villager (Male) |
| 10:05 | Create | Villager (Male) |
| 10:23 | Build | Farm |
| 10:31 | Build | Farm |
| 10:44 | Create | Villager (Male) |
| 10:44 | Create | Villager (Male) |
| 11:17 | Build | Farm |
| 11:24 | Build | Farm |
| 11:30 | Build | Farm |
| 11:45 | Create | Villager (Male) |
| 11:51 | Research | Feudal Age |
| 11:57 | Build | Farm |
| 12:00 | Build | Farm |
| 12:03 | Build | Farm |
| 12:18 | Create | Villager (Male) |
| 12:20 | Create | Villager (Male) |
| 12:44 | Build | House |
| 12:51 | Build | House |
| 13:00 | Build | Farm |
| 13:04 | Build | Farm |
| 13:08 | Build | Farm |
| 14:01 | Age | Feudal Age |
| 14:04 | Create | Villager (Male) |
| 14:40 | Build | Market |
| 14:44 | Build | Blacksmith |
| 14:58 | Research | Double-Bit Axe |
| 15:24 | Research | Horse Collar |
| 15:33 | Create | Villager (Male) |
| 15:33 | Create | Villager (Male) |
| 16:02 | Research | Castle Age |
| 16:09 | Build | Mining Camp |
| 16:18 | Create | Villager (Male) |
| 16:18 | Create | Villager (Male) |
| 17:14 | Build | Barracks |
| 17:41 | Build | Barracks |
| 18:00 | Research | Scale Mail Armor |
| 18:10 | Create | Villager (Male) |
| 18:34 | Research | Man-at-Arms (upgrade) |
| 18:42 | Age | Castle Age |
| 18:43 | Create | Villager (Male) |
| 18:53 | Create | Militia |
| 18:54 | Create | Militia |
| 19:08 | Research | Long Swordsman (upgrade) |
| 19:12 | Create | Militia |
| 19:12 | Create | Militia |
| 19:14 | Create | Militia |
| 19:15 | Create | Militia |
| 19:16 | Research | Squires |
| 19:26 | Create | Villager (Male) |
| 19:26 | Create | Villager (Male) |
| 19:38 | Create | Militia |
| 20:22 | Create | Militia |
| 20:23 | Create | Militia |
| 21:00 | Build | House |
| 21:00 | Build | House |
| 21:01 | Build | House |
| 21:06 | Create | Villager (Male) |
| 21:06 | Create | Villager (Male) |
| 21:09 | Research | Heavy Plow |
| 21:13 | Build | Farm |
| 21:15 | Build | Farm |
| 21:19 | Research | Gold Mining |
| 21:42 | Build | Town Center |
| 22:30 | Create | Villager (Male) |
| 22:50 | Create | Villager (Male) |
| 22:50 | Create | Villager (Male) |
| 23:09 | Create | Villager (Male) |
| 23:09 | Create | Villager (Male) |
| 23:10 | Create | Villager (Male) |
| 23:10 | Create | Villager (Male) |
| 23:22 | Build | Farm |
| 23:31 | Build | Farm |
| 23:38 | Create | Villager (Male) |
| 23:42 | Create | Villager (Male) |
| 23:42 | Create | Villager (Male) |
| 23:50 | Research | Stone Mining |
| 23:58 | Create | Villager (Male) |
| 23:58 | Create | Villager (Male) |
| 24:01 | Create | Villager (Male) |
| 24:02 | Create | Villager (Male) |
| 24:04 | Build | Farm |
| 24:32 | Research | Gold Shaft Mining |
| 24:39 | Build | Farm |
| 24:43 | Build | Farm |
| 24:47 | Build | Farm |
| 24:51 | Build | Farm |
| 24:54 | Create | Villager (Male) |
| 24:57 | Create | Villager (Male) |
| 25:08 | Create | Villager (Male) |
| 25:13 | Create | Villager (Male) |
| 25:30 | Build | House |
| 25:31 | Build | House |
| 25:33 | Build | House |
| 25:34 | Build | House |
| 25:34 | Build | House |
| 25:35 | Build | House |
| 25:37 | Build | House |
| 25:41 | Build | House |
| 26:02 | Research | Bow Saw |
| 26:10 | Create | Villager (Male) |
| 26:10 | Create | Villager (Male) |
| 26:16 | Create | Villager (Male) |
| 26:16 | Create | Villager (Male) |
| 27:09 | Build | Castle |
| 27:15 | Create | Villager (Male) |
| 27:15 | Create | Villager (Male) |
| 27:16 | Create | Villager (Male) |
| 27:19 | Create | Villager (Male) |
| 27:19 | Create | Villager (Male) |
| 27:21 | Research | Town Watch |
Build order — Halshy
First 150 of 387 actions detected
| 0:02 | Create | Villager (Male) |
| 0:02 | Create | Villager (Male) |
| 0:02 | Create | Villager (Male) |
| 0:07 | Build | House |
| 0:09 | Build | House |
| 0:20 | Research | Loom |
| 0:38 | Create | Villager (Male) |
| 0:38 | Create | Villager (Male) |
| 0:50 | Create | Villager (Male) |
| 1:17 | Build | Palisade Wall |
| 1:57 | Create | Villager (Male) |
| 2:29 | Build | Lumber Camp |
| 2:38 | Create | Villager (Male) |
| 3:19 | Create | Villager (Male) |
| 3:40 | Build | House |
| 3:53 | Create | Villager (Male) |
| 4:39 | Create | Villager (Male) |
| 4:58 | Build | Palisade Wall |
| 5:13 | Create | Villager (Male) |
| 5:44 | Build | Mill |
| 6:25 | Create | Villager (Male) |
| 6:25 | Create | Villager (Male) |
| 6:42 | Create | Villager (Male) |
| 6:42 | Create | Villager (Male) |
| 7:21 | Create | Villager (Male) |
| 7:51 | Create | Villager (Male) |
| 8:00 | Create | Villager (Male) |
| 8:28 | Build | House |
| 8:29 | Create | Villager (Male) |
| 8:53 | Build | Dock |
| 9:05 | Create | Villager (Male) |
| 9:05 | Create | Villager (Male) |
| 9:25 | Create | Villager (Male) |
| 10:21 | Build | Mining Camp |
| 10:23 | Create | Fishing Ship |
| 11:26 | Build | Lumber Camp |
| 11:30 | Create | Villager (Male) |
| 11:31 | Create | Villager (Male) |
| 11:53 | Research | Feudal Age |
| 11:59 | Create | Fishing Ship |
| 12:13 | Build | House |
| 13:11 | Build | Farm |
| 14:05 | Build | Building 804 |
| 14:07 | Age | Feudal Age |
| 14:09 | Create | Villager (Male) |
| 14:09 | Create | Villager (Male) |
| 14:12 | Research | Double-Bit Axe |
| 14:22 | Research | Horse Collar |
| 14:39 | Build | Farm |
| 15:00 | Build | Blacksmith |
| 15:11 | Build | Blacksmith |
| 15:16 | Build | Farm |
| 15:16 | Create | Villager (Male) |
| 15:17 | Create | Villager (Male) |
| 15:22 | Create | Villager (Male) |
| 15:38 | Build | Market |
| 15:43 | Create | Villager (Male) |
| 15:45 | Build | Farm |
| 15:59 | Create | Villager (Male) |
| 15:59 | Create | Villager (Male) |
| 16:19 | Build | Farm |
| 16:48 | Build | Barracks |
| 17:02 | Build | Farm |
| 17:06 | Create | Fishing Ship |
| 17:13 | Build | Mining Camp |
| 17:20 | Build | House |
| 17:42 | Research | Man-at-Arms (upgrade) |
| 17:51 | Build | Farm |
| 17:52 | Create | Villager (Male) |
| 17:58 | Create | Villager (Male) |
| 18:12 | Build | Farm |
| 18:15 | Build | Farm |
| 18:17 | Build | Farm |
| 18:20 | Build | Farm |
| 18:23 | Create | Militia |
| 18:30 | Build | Farm |
| 18:43 | Build | House |
| 18:47 | Build | Farm |
| 18:51 | Build | Farm |
| 18:53 | Build | Farm |
| 18:56 | Build | Farm |
| 19:16 | Build | Farm |
| 19:18 | Research | Castle Age |
| 19:25 | Research | Scale Mail Armor |
| 19:38 | Build | Stone Wall |
| 19:48 | Create | Fishing Ship |
| 19:48 | Create | Fishing Ship |
| 20:57 | Create | Militia |
| 20:57 | Create | Militia |
| 21:16 | Build | Watch Tower |
| 21:58 | Age | Castle Age |
| 21:59 | Create | Militia |
| 22:02 | Research | Long Swordsman (upgrade) |
| 22:22 | Build | Town Center |
| 22:37 | Build | University |
| 22:43 | Research | Squires |
| 22:44 | Create | Villager (Male) |
| 22:44 | Create | Villager (Male) |
| 22:53 | Build | Town Center |
| 23:11 | Build | Barracks |
| 23:15 | Create | Villager (Male) |
| 23:15 | Create | Villager (Male) |
| 23:18 | Research | Forging |
| 23:24 | Build | Fish Trap |
| 23:46 | Build | Fish Trap |
| 23:48 | Build | Fish Trap |
| 24:00 | Create | Villager (Male) |
| 24:04 | Build | House |
| 24:32 | Build | Building 673 |
| 24:37 | Build | Stone Wall |
| 24:48 | Build | Farm |
| 24:50 | Build | Farm |
| 24:54 | Create | Villager (Male) |
| 24:55 | Create | Villager (Male) |
| 24:55 | Create | Villager (Male) |
| 25:07 | Research | Bow Saw |
| 25:11 | Build | Farm |
| 25:14 | Research | Heavy Plow |
| 25:21 | Create | Militia |
| 25:21 | Create | Militia |
| 25:35 | Create | Villager (Male) |
| 25:35 | Create | Villager (Male) |
| 25:38 | Research | Wheelbarrow |
| 25:42 | Create | Villager (Male) |
| 25:42 | Create | Villager (Male) |
| 25:52 | Research | Arson |
| 25:58 | Research | Gambesons |
| 26:13 | Build | Monastery |
| 26:16 | Create | Villager (Male) |
| 26:17 | Create | Villager (Male) |
| 26:42 | Build | Barracks |
| 26:52 | Create | Villager (Male) |
| 26:52 | Create | Villager (Male) |
| 26:53 | Create | Villager (Male) |
| 26:54 | Create | Villager (Male) |
| 26:54 | Create | Villager (Male) |
| 26:54 | Create | Villager (Male) |
| 26:54 | Create | Villager (Male) |
| 26:56 | Create | Villager (Male) |
| 26:56 | Create | Villager (Male) |
| 26:57 | Create | Villager (Male) |
| 26:57 | Create | Villager (Male) |
| 26:57 | Create | Villager (Male) |
| 27:40 | Build | Town Center |
| 27:48 | Create | Militia |
| 27:49 | Create | Militia |
| 27:55 | Build | House |
| 27:57 | Build | House |
| 27:58 | Build | House |
| 28:14 | Create | Militia |
Build order — Stereophonic the Awesome
First 150 of 323 actions detected
| 0:01 | Create | Villager (Male) |
| 0:02 | Create | Villager (Male) |
| 0:02 | Create | Villager (Male) |
| 0:02 | Create | Villager (Male) |
| 0:05 | Build | House |
| 0:07 | Build | House |
| 0:14 | Build | House |
| 1:57 | Create | Villager (Male) |
| 2:29 | Create | Villager (Male) |
| 3:08 | Create | Villager (Male) |
| 3:47 | Create | Villager (Male) |
| 3:49 | Create | Villager (Male) |
| 4:00 | Build | Mill |
| 4:08 | Create | Villager (Male) |
| 4:56 | Create | Villager (Male) |
| 4:59 | Research | Loom |
| 5:49 | Create | Villager (Male) |
| 6:18 | Create | Villager (Male) |
| 6:19 | Create | Villager (Male) |
| 6:26 | Build | House |
| 7:24 | Build | Dock |
| 7:29 | Create | Villager (Male) |
| 7:30 | Create | Villager (Male) |
| 7:47 | Create | Villager (Male) |
| 8:16 | Create | Fishing Ship |
| 8:36 | Create | Villager (Male) |
| 8:56 | Create | Villager (Male) |
| 9:07 | Build | Lumber Camp |
| 9:59 | Create | Villager (Male) |
| 10:00 | Create | Villager (Male) |
| 10:03 | Create | Fishing Ship |
| 10:30 | Build | House |
| 10:34 | Research | Feudal Age |
| 11:24 | Create | Fishing Ship |
| 12:09 | Build | Mining Camp |
| 12:44 | Age | Feudal Age |
| 12:52 | Research | Wheelbarrow |
| 13:03 | Research | Double-Bit Axe |
| 13:17 | Build | House |
| 13:26 | Research | Horse Collar |
| 13:42 | Build | Stone Wall |
| 13:53 | Create | Villager (Male) |
| 13:53 | Create | Villager (Male) |
| 14:09 | Build | Farm |
| 14:10 | Build | Farm |
| 14:12 | Build | Farm |
| 14:13 | Build | Farm |
| 14:16 | Build | Farm |
| 14:20 | Build | Farm |
| 15:00 | Build | House |
| 15:03 | Create | Villager (Male) |
| 15:12 | Build | Farm |
| 15:21 | Build | Farm |
| 15:23 | Build | Farm |
| 15:38 | Create | Fishing Ship |
| 15:52 | Build | Fish Trap |
| 15:57 | Build | Fish Trap |
| 16:09 | Create | Demolition Raft |
| 16:15 | Create | Villager (Male) |
| 16:26 | Build | House |
| 16:58 | Build | Farm |
| 17:07 | Build | Farm |
| 17:13 | Create | Villager (Male) |
| 17:25 | Build | Market |
| 17:33 | Build | Blacksmith |
| 17:56 | Build | Farm |
| 18:21 | Create | Demolition Raft |
| 18:26 | Create | Fishing Ship |
| 18:41 | Build | Fish Trap |
| 18:59 | Build | Mining Camp |
| 19:04 | Research | Castle Age |
| 19:50 | Build | Barracks |
| 20:11 | Create | Trade Cart |
| 20:30 | Create | Trade Cart |
| 21:12 | Build | Stone Wall |
| 21:24 | Build | Building 673 |
| 21:41 | Create | Villager (Male) |
| 21:41 | Create | Villager (Male) |
| 21:44 | Age | Castle Age |
| 21:56 | Build | Town Center |
| 22:02 | Research | Hand Cart |
| 22:47 | Create | Villager (Male) |
| 22:47 | Create | Villager (Male) |
| 22:47 | Create | Villager (Male) |
| 23:12 | Research | Forging |
| 23:16 | Create | Villager (Male) |
| 23:16 | Create | Villager (Male) |
| 23:16 | Create | Villager (Male) |
| 23:17 | Create | Villager (Male) |
| 23:19 | Create | Villager (Male) |
| 23:34 | Build | Stable |
| 23:42 | Create | Villager (Male) |
| 23:43 | Create | Villager (Male) |
| 24:24 | Create | Villager (Male) |
| 24:24 | Create | Villager (Male) |
| 24:25 | Create | Villager (Male) |
| 24:40 | Build | Stable |
| 24:42 | Build | Stable |
| 24:45 | Create | Villager (Male) |
| 24:52 | Research | Caravan |
| 25:13 | Build | Mining Camp |
| 25:19 | Build | Fish Trap |
| 25:35 | Build | Fish Trap |
| 25:47 | Create | Knight ×2 |
| 26:03 | Build | Mining Camp |
| 26:25 | Build | Stone Wall |
| 26:34 | Build | House |
| 26:35 | Build | House |
| 26:37 | Build | House |
| 26:38 | Build | House |
| 27:05 | Create | Knight ×4 |
| 27:20 | Create | Knight |
| 27:30 | Build | Archery Range |
| 27:32 | Build | Archery Range |
| 27:34 | Build | Archery Range |
| 27:41 | Research | Stone Mining |
| 27:43 | Research | Gold Mining |
| 27:47 | Research | Pikeman (upgrade) |
| 27:51 | Create | Villager (Male) |
| 27:51 | Create | Villager (Male) |
| 27:58 | Create | Trade Cart |
| 28:57 | Research | Elite Skirmisher (upgrade) |
| 29:00 | Create | Villager (Male) |
| 29:00 | Create | Villager (Male) |
| 29:00 | Create | Villager (Male) |
| 29:06 | Build | Farm |
| 29:09 | Build | Farm |
| 29:16 | Build | Farm |
| 29:17 | Build | Farm |
| 29:20 | Build | Farm |
| 29:22 | Create | Villager (Male) |
| 29:22 | Create | Villager (Male) |
| 29:27 | Create | Villager (Male) |
| 29:27 | Create | Villager (Male) |
| 29:27 | Create | Villager (Male) |
| 29:28 | Create | Villager (Male) |
| 29:32 | Create | Trade Cart |
| 29:33 | Create | Trade Cart |
| 30:04 | Build | Farm |
| 30:20 | Build | Stone Wall |
| 30:58 | Build | House |
| 31:00 | Build | House |
| 31:01 | Build | House |
| 31:02 | Build | House |
| 31:04 | Build | House |
| 31:24 | Build | Lumber Camp |
| 31:31 | Create | Villager (Male) |
| 31:32 | Create | Villager (Male) |
| 31:35 | Create | Villager (Male) |
| 31:35 | Create | Villager (Male) |
Build order — Malatyalı44
First 150 of 453 actions detected
| 0:05 | Create | Villager (Male) ×4 |
| 0:05 | Create | Villager (Male) ×4 |
| 0:07 | Build | House |
| 0:09 | Build | House |
| 1:40 | Create | Villager (Male) |
| 1:40 | Create | Villager (Male) |
| 1:51 | Build | Lumber Camp |
| 2:09 | Research | Loom |
| 2:14 | Create | Villager (Male) |
| 2:59 | Create | Villager (Male) |
| 2:59 | Create | Villager (Male) |
| 3:17 | Create | Villager (Male) |
| 3:17 | Create | Villager (Male) |
| 3:40 | Create | Villager (Male) |
| 3:40 | Create | Villager (Male) |
| 3:58 | Build | House |
| 3:58 | Build | House |
| 4:11 | Create | Villager (Male) |
| 4:11 | Create | Villager (Male) |
| 4:49 | Create | Villager (Male) |
| 4:50 | Create | Villager (Male) |
| 4:50 | Create | Villager (Male) |
| 4:50 | Create | Villager (Male) |
| 5:16 | Create | Villager (Male) |
| 5:16 | Create | Villager (Male) |
| 5:42 | Create | Villager (Male) |
| 5:42 | Create | Villager (Male) |
| 6:34 | Create | Villager (Male) |
| 6:34 | Create | Villager (Male) |
| 7:00 | Create | Villager (Male) |
| 7:00 | Create | Villager (Male) |
| 8:29 | Create | Villager (Male) |
| 8:35 | Build | House |
| 8:35 | Build | House |
| 8:37 | Build | House |
| 8:51 | Build | Mill |
| 9:10 | Create | Villager (Male) |
| 9:11 | Create | Villager (Male) |
| 9:23 | Build | Mill |
| 9:40 | Research | Feudal Age |
| 10:13 | Build | Mining Camp |
| 12:10 | Age | Feudal Age |
| 12:21 | Build | Market |
| 12:25 | Create | Villager (Male) |
| 12:25 | Create | Villager (Male) |
| 12:35 | Build | Blacksmith |
| 13:01 | Research | Double-Bit Axe |
| 13:01 | Research | Double-Bit Axe |
| 13:04 | Research | Horse Collar |
| 13:33 | Build | House |
| 13:34 | Build | House |
| 13:35 | Build | House |
| 13:36 | Build | House |
| 13:37 | Build | House |
| 14:02 | Research | Castle Age |
| 14:03 | Research | Castle Age |
| 14:09 | Build | Lumber Camp |
| 14:24 | Build | Mining Camp |
| 15:09 | Research | Gold Mining |
| 15:10 | Research | Gold Mining |
| 15:13 | Research | Stone Mining |
| 15:13 | Research | Stone Mining |
| 16:42 | Age | Castle Age |
| 16:47 | Build | Town Center |
| 16:56 | Build | Farm |
| 16:57 | Build | Farm |
| 16:59 | Build | Farm |
| 16:59 | Build | Farm |
| 17:01 | Create | Villager (Male) |
| 17:01 | Create | Villager (Male) |
| 17:02 | Create | Villager (Male) |
| 17:36 | Build | Building 487 |
| 17:41 | Build | Stone Wall |
| 17:48 | Build | Farm |
| 17:53 | Create | Villager (Male) |
| 17:54 | Create | Villager (Male) |
| 17:58 | Build | Farm |
| 18:33 | Build | Town Center |
| 18:39 | Create | Villager (Male) |
| 18:39 | Create | Villager (Male) |
| 18:45 | Build | Farm |
| 18:55 | Create | Villager (Male) |
| 19:06 | Create | Villager (Male) |
| 19:10 | Build | Farm |
| 19:36 | Research | Gold Mining |
| 19:36 | Research | Gold Mining |
| 20:00 | Create | Villager (Male) |
| 20:00 | Create | Villager (Male) |
| 20:17 | Build | Barracks |
| 20:18 | Create | Villager (Male) |
| 20:30 | Create | Villager (Male) |
| 20:44 | Create | Villager (Male) |
| 20:44 | Create | Villager (Male) |
| 20:56 | Build | Farm |
| 20:57 | Build | Farm |
| 20:58 | Build | Farm |
| 21:05 | Create | Villager (Male) |
| 21:06 | Create | Villager (Male) |
| 21:49 | Create | Villager (Male) |
| 21:50 | Create | Villager (Male) |
| 21:50 | Create | Villager (Male) |
| 21:57 | Build | Archery Range |
| 22:13 | Build | Castle |
| 22:16 | Create | Villager (Male) |
| 22:17 | Create | Villager (Male) |
| 22:17 | Create | Villager (Male) |
| 22:44 | Research | Bow Saw |
| 22:44 | Research | Bow Saw |
| 22:59 | Build | Farm |
| 23:20 | Research | Heavy Plow |
| 23:20 | Research | Heavy Plow |
| 23:22 | Create | Villager (Male) |
| 23:59 | Build | Farm |
| 24:00 | Build | Farm |
| 24:02 | Build | Farm |
| 24:02 | Build | Farm |
| 24:03 | Build | Farm |
| 24:09 | Research | Wheelbarrow |
| 24:10 | Research | Wheelbarrow |
| 24:18 | Create | Camel Archer |
| 24:19 | Create | Camel Archer |
| 24:19 | Create | Camel Archer ×5 |
| 24:19 | Create | Camel Archer ×5 |
| 24:19 | Create | Camel Archer ×5 |
| 24:30 | Create | Villager (Male) |
| 24:30 | Create | Villager (Male) |
| 24:31 | Create | Villager (Male) |
| 24:45 | Research | Padded Archer Armor |
| 24:46 | Research | Padded Archer Armor |
| 25:04 | Research | Fletching |
| 25:05 | Research | Fletching |
| 25:16 | Build | Farm |
| 25:17 | Build | Farm |
| 25:18 | Build | Farm |
| 25:31 | Research | Leather Archer Armor |
| 25:33 | Create | Villager (Male) |
| 25:33 | Create | Villager (Male) |
| 25:47 | Build | University |
| 25:50 | Create | Villager (Male) |
| 25:50 | Create | Villager (Male) |
| 25:51 | Create | Villager (Male) |
| 26:08 | Build | Farm |
| 26:14 | Research | Bodkin Arrow |
| 27:12 | Build | Town Center |
| 27:17 | Research | Hand Cart |
| 27:18 | Research | Hand Cart |
| 27:18 | Research | Town Watch |
| 27:18 | Research | Town Watch |
| 27:21 | Create | Villager (Male) |
| 27:21 | Create | Villager (Male) |
Build order — KİMKİ60
First 150 of 469 actions detected
| 0:06 | Research | Loom |
| 0:07 | Create | Villager (Male) |
| 0:08 | Create | Villager (Male) |
| 0:08 | Create | Villager (Male) |
| 0:08 | Create | Villager (Male) |
| 0:08 | Create | Villager (Male) |
| 0:21 | Build | House |
| 0:22 | Build | House |
| 2:09 | Create | Villager (Male) |
| 2:09 | Create | Villager (Male) |
| 2:36 | Create | Villager (Male) |
| 2:36 | Create | Villager (Male) |
| 2:48 | Create | Villager (Male) |
| 2:49 | Create | Villager (Male) |
| 3:17 | Create | Villager (Male) |
| 3:17 | Create | Villager (Male) |
| 3:17 | Create | Villager (Male) |
| 3:17 | Create | Villager (Male) |
| 3:45 | Build | House |
| 3:59 | Create | Villager (Male) |
| 3:59 | Create | Villager (Male) |
| 4:49 | Create | Villager (Male) |
| 4:49 | Create | Villager (Male) |
| 4:57 | Build | House |
| 5:58 | Create | Villager (Male) |
| 5:58 | Create | Villager (Male) |
| 6:14 | Create | Villager (Male) |
| 6:50 | Create | Villager (Male) |
| 6:50 | Create | Villager (Male) |
| 7:00 | Build | Lumber Camp |
| 7:28 | Research | Feudal Age |
| 8:18 | Build | Mill |
| 8:55 | Create | Villager (Male) |
| 8:55 | Create | Villager (Male) |
| 8:56 | Create | Villager (Male) |
| 9:32 | Build | Barracks |
| 9:50 | Age | Feudal Age |
| 10:11 | Build | Farm |
| 10:12 | Build | Farm |
| 10:12 | Build | Farm |
| 10:12 | Build | Farm |
| 10:40 | Build | House |
| 10:55 | Create | Villager (Male) |
| 10:55 | Create | Villager (Male) |
| 10:55 | Create | Villager (Male) |
| 11:07 | Create | Villager (Male) |
| 11:20 | Build | Watch Tower |
| 11:36 | Build | Farm |
| 11:37 | Build | Farm |
| 11:40 | Build | Farm |
| 11:51 | Create | Villager (Male) |
| 11:51 | Create | Villager (Male) |
| 12:19 | Create | Militia |
| 12:19 | Create | Militia |
| 12:33 | Build | Lumber Camp |
| 12:39 | Build | House |
| 12:56 | Create | Militia |
| 12:57 | Create | Militia |
| 12:57 | Create | Militia |
| 12:58 | Create | Militia |
| 12:58 | Create | Militia |
| 13:06 | Create | Villager (Male) |
| 13:06 | Create | Villager (Male) |
| 13:07 | Create | Villager (Male) |
| 13:25 | Build | Mining Camp |
| 13:40 | Build | Farm |
| 13:41 | Build | Farm |
| 13:46 | Create | Villager (Male) |
| 13:47 | Create | Villager (Male) |
| 13:59 | Build | Farm |
| 14:01 | Build | Farm |
| 14:04 | Build | Farm |
| 14:36 | Build | House |
| 14:44 | Research | Arson |
| 14:46 | Create | Militia |
| 14:47 | Create | Militia |
| 14:52 | Create | Villager (Male) |
| 14:52 | Create | Villager (Male) |
| 14:52 | Create | Villager (Male) |
| 14:53 | Create | Villager (Male) |
| 15:10 | Build | Farm |
| 15:13 | Build | Farm |
| 15:15 | Build | Farm |
| 15:52 | Create | Villager (Male) |
| 15:52 | Create | Villager (Male) |
| 16:04 | Build | Mining Camp |
| 16:07 | Research | Man-at-Arms (upgrade) |
| 16:08 | Create | Militia |
| 16:09 | Create | Militia |
| 16:09 | Create | Militia |
| 16:47 | Build | House |
| 16:52 | Build | House |
| 17:01 | Create | Militia |
| 17:16 | Create | Villager (Male) |
| 17:17 | Create | Villager (Male) |
| 17:22 | Research | Double-Bit Axe |
| 17:26 | Research | Horse Collar |
| 17:41 | Build | Farm |
| 17:42 | Build | Farm |
| 17:45 | Build | Farm |
| 17:51 | Build | Farm |
| 17:55 | Build | Farm |
| 17:55 | Build | Farm |
| 17:56 | Build | Farm |
| 18:02 | Create | Villager (Male) |
| 18:03 | Create | Villager (Male) |
| 18:53 | Build | Farm |
| 19:07 | Build | House |
| 19:08 | Build | House |
| 19:09 | Build | House |
| 19:12 | Build | House |
| 19:14 | Build | House |
| 19:17 | Build | House |
| 19:34 | Create | Villager (Male) |
| 19:34 | Create | Villager (Male) |
| 19:34 | Create | Villager (Male) |
| 19:48 | Build | Farm |
| 19:49 | Build | Farm |
| 20:13 | Research | Castle Age |
| 20:58 | Build | Mining Camp |
| 21:25 | Create | Villager (Male) |
| 21:25 | Create | Villager (Male) |
| 21:26 | Create | Villager (Male) |
| 21:26 | Create | Villager (Male) |
| 21:29 | Build | Farm |
| 23:29 | Age | Castle Age |
| 23:39 | Research | Long Swordsman (upgrade) |
| 24:27 | Build | Town Center |
| 24:32 | Create | Villager (Male) |
| 24:32 | Create | Villager (Male) |
| 24:32 | Create | Villager (Male) |
| 24:33 | Create | Villager (Male) |
| 25:24 | Research | Imperial Age |
| 25:50 | Build | Siege Workshop |
| 26:27 | Build | Stable |
| 26:34 | Create | Battering Ram |
| 26:45 | Create | Villager (Male) |
| 26:45 | Create | Villager (Male) |
| 26:46 | Create | Villager (Male) |
| 26:46 | Create | Villager (Male) |
| 27:09 | Build | Stone Wall |
| 27:19 | Build | Building 673 |
| 27:33 | Research | Husbandry |
| 27:33 | Research | Bloodlines |
| 27:33 | Research | Light Cavalry (upgrade) |
| 27:35 | Build | Farm |
| 27:40 | Research | Bow Saw |
| 27:45 | Research | Heavy Plow |
| 27:54 | Create | Villager (Male) |
| 27:54 | Create | Villager (Male) |
Build order — paludoortiz
First 150 of 484 actions detected
| 0:06 | Research | Loom |
| 0:13 | Build | House |
| 0:21 | Create | Villager (Male) |
| 0:21 | Create | Villager (Male) |
| 0:21 | Create | Villager (Male) |
| 0:22 | Create | Villager (Male) |
| 0:22 | Create | Villager (Male) |
| 3:12 | Create | Villager (Male) |
| 3:12 | Create | Villager (Male) |
| 3:12 | Create | Villager (Male) |
| 3:54 | Build | Palisade Wall |
| 4:42 | Create | Villager (Male) |
| 4:42 | Create | Villager (Male) |
| 4:42 | Create | Villager (Male) |
| 5:00 | Build | Palisade Wall |
| 5:03 | Build | Palisade Wall |
| 5:04 | Build | Palisade Wall |
| 6:17 | Create | Villager (Male) |
| 6:17 | Create | Villager (Male) |
| 6:17 | Create | Villager (Male) |
| 6:23 | Build | House |
| 6:29 | Create | Villager (Male) |
| 6:29 | Create | Villager (Male) |
| 7:48 | Build | Building 796 |
| 7:57 | Build | House |
| 8:04 | Create | Villager (Male) |
| 8:05 | Create | Villager (Male) |
| 9:03 | Create | Villager (Male) |
| 9:03 | Create | Villager (Male) |
| 9:04 | Create | Villager (Male) |
| 9:28 | Create | Villager (Male) |
| 9:29 | Create | Villager (Male) |
| 9:29 | Create | Villager (Male) |
| 9:44 | Build | House |
| 10:28 | Build | Mining Camp |
| 10:38 | Create | Villager (Male) |
| 10:39 | Create | Villager (Male) |
| 10:39 | Create | Villager (Male) |
| 10:39 | Create | Villager (Male) |
| 10:39 | Create | Villager (Male) |
| 11:44 | Create | Villager (Male) |
| 11:45 | Create | Villager (Male) |
| 12:16 | Build | Palisade Wall |
| 12:43 | Build | Lumber Camp |
| 13:26 | Build | Palisade Wall |
| 13:46 | Create | Villager (Male) |
| 13:46 | Create | Villager (Male) |
| 13:47 | Create | Villager (Male) |
| 13:47 | Create | Villager (Male) |
| 13:47 | Create | Villager (Male) |
| 14:34 | Build | Palisade Wall |
| 14:47 | Build | Mill |
| 15:09 | Build | Mill |
| 15:22 | Build | House |
| 15:25 | Build | House |
| 15:51 | Build | House |
| 15:53 | Build | House |
| 16:09 | Create | Villager (Male) |
| 16:09 | Create | Villager (Male) |
| 16:09 | Create | Villager (Male) |
| 16:09 | Create | Villager (Male) |
| 16:10 | Create | Villager (Male) |
| 16:10 | Create | Villager (Male) |
| 16:10 | Create | Villager (Male) |
| 16:11 | Create | Villager (Male) |
| 16:11 | Create | Villager (Male) |
| 16:26 | Build | Mining Camp |
| 16:32 | Create | Villager (Male) |
| 16:32 | Create | Villager (Male) |
| 16:33 | Create | Villager (Male) |
| 16:53 | Build | House |
| 16:55 | Build | House |
| 17:17 | Build | Mining Camp |
| 17:19 | Create | Villager (Male) |
| 17:20 | Create | Villager (Male) |
| 17:20 | Create | Villager (Male) |
| 17:37 | Build | House |
| 17:39 | Build | House |
| 17:43 | Build | House |
| 17:49 | Build | House |
| 18:59 | Build | Barracks |
| 19:12 | Build | Farm |
| 19:33 | Build | Farm |
| 20:22 | Build | Barracks |
| 20:25 | Research | Feudal Age |
| 20:30 | Create | Militia |
| 20:30 | Create | Militia |
| 20:31 | Create | Militia |
| 20:31 | Create | Militia |
| 20:31 | Create | Militia |
| 20:31 | Create | Militia |
| 20:47 | Build | Farm |
| 21:06 | Create | Militia |
| 21:06 | Create | Militia |
| 21:06 | Create | Militia |
| 21:07 | Create | Militia |
| 21:24 | Build | Barracks |
| 21:38 | Build | Farm |
| 22:07 | Build | House |
| 22:09 | Build | House |
| 22:10 | Build | House |
| 22:13 | Build | House |
| 22:17 | Create | Militia |
| 22:17 | Create | Militia |
| 22:17 | Create | Militia |
| 22:18 | Create | Militia |
| 22:36 | Age | Feudal Age |
| 22:57 | Build | Watch Tower |
| 23:07 | Research | Man-at-Arms (upgrade) |
| 23:07 | Research | Man-at-Arms (upgrade) |
| 23:19 | Build | Watch Tower |
| 23:38 | Create | Militia |
| 23:38 | Create | Militia |
| 23:53 | Build | Market |
| 24:01 | Create | Villager (Male) |
| 24:02 | Create | Villager (Male) |
| 24:46 | Create | Militia |
| 24:46 | Create | Militia |
| 24:47 | Create | Militia |
| 24:47 | Create | Militia |
| 24:47 | Create | Militia |
| 25:04 | Build | Watch Tower |
| 25:17 | Build | Farm |
| 25:19 | Build | Farm |
| 25:31 | Build | House |
| 26:20 | Build | Farm |
| 26:33 | Build | Lumber Camp |
| 26:42 | Research | Man-at-Arms (upgrade) |
| 27:38 | Build | Farm |
| 27:46 | Build | House |
| 28:32 | Create | Militia |
| 28:32 | Create | Militia |
| 28:32 | Create | Militia |
| 28:32 | Create | Militia |
| 28:33 | Create | Militia |
| 28:33 | Create | Militia |
| 28:33 | Create | Militia |
| 28:33 | Create | Militia |
| 28:50 | Build | Farm |
| 29:16 | Build | House |
| 29:18 | Build | House |
| 29:20 | Build | House |
| 29:26 | Build | Farm |
| 29:27 | Create | Villager (Male) |
| 29:28 | Create | Villager (Male) |
| 29:28 | Create | Villager (Male) |
| 29:28 | Create | Villager (Male) |
| 29:46 | Create | Villager (Male) |
| 29:46 | Create | Villager (Male) |
| 29:47 | Create | Villager (Male) |
Build order — steve-biewer
First 150 of 558 actions detected
| 0:01 | Create | Villager (Male) |
| 0:01 | Create | Villager (Male) |
| 0:02 | Create | Villager (Male) |
| 0:05 | Build | House |
| 0:05 | Build | House |
| 0:19 | Create | Villager (Male) |
| 1:30 | Create | Villager (Male) |
| 2:03 | Create | Villager (Male) |
| 2:34 | Create | Villager (Male) |
| 2:54 | Build | House |
| 2:56 | Build | House |
| 2:57 | Build | House |
| 3:10 | Create | Villager (Male) |
| 3:10 | Create | Villager (Male) |
| 3:50 | Create | Villager (Male) |
| 4:14 | Build | House |
| 4:16 | Build | House |
| 4:18 | Build | House |
| 4:48 | Build | Mill |
| 4:53 | Create | Villager (Male) |
| 4:53 | Create | Villager (Male) |
| 5:09 | Build | House |
| 5:11 | Create | Villager (Male) |
| 5:39 | Build | House |
| 5:44 | Create | Villager (Male) |
| 6:08 | Build | House |
| 6:26 | Create | Villager (Male) |
| 6:45 | Create | Villager (Male) |
| 6:55 | Build | Palisade Wall |
| 7:06 | Build | Palisade Wall |
| 7:12 | Create | Villager (Male) |
| 7:23 | Create | Villager (Male) |
| 7:24 | Create | Villager (Male) |
| 7:34 | Build | Lumber Camp |
| 7:49 | Create | Villager (Male) |
| 7:50 | Create | Villager (Male) |
| 8:21 | Create | Villager (Male) |
| 8:45 | Build | Palisade Wall |
| 8:58 | Build | Farm |
| 9:08 | Create | Villager (Male) |
| 9:20 | Build | Farm |
| 9:43 | Build | Farm |
| 10:01 | Build | Farm |
| 10:13 | Build | Farm |
| 10:18 | Create | Villager (Male) |
| 10:18 | Create | Villager (Male) |
| 10:36 | Build | Farm |
| 10:46 | Build | Farm |
| 11:06 | Build | Farm |
| 11:16 | Create | Villager (Male) |
| 11:18 | Create | Villager (Male) |
| 11:28 | Build | Farm |
| 11:41 | Build | Farm |
| 11:46 | Build | Farm |
| 12:00 | Build | Farm |
| 12:14 | Build | Farm |
| 12:23 | Create | Villager (Male) |
| 12:23 | Create | Villager (Male) |
| 12:57 | Build | Mining Camp |
| 13:00 | Research | Feudal Age |
| 14:32 | Create | Villager (Male) |
| 14:33 | Create | Villager (Male) |
| 14:33 | Create | Villager (Male) |
| 15:10 | Age | Feudal Age |
| 15:13 | Research | Gold Mining |
| 15:14 | Research | Stone Mining |
| 15:18 | Research | Double-Bit Axe |
| 15:21 | Research | Horse Collar |
| 15:23 | Create | Villager (Male) |
| 15:42 | Build | Blacksmith |
| 15:55 | Build | House |
| 15:58 | Build | House |
| 16:16 | Build | Barracks |
| 16:39 | Create | Villager (Male) |
| 16:43 | Create | Villager (Male) |
| 16:58 | Create | Villager (Male) |
| 17:03 | Build | Mining Camp |
| 17:18 | Build | Stable |
| 17:37 | Create | Villager (Male) |
| 17:53 | Build | House |
| 17:55 | Build | House |
| 17:57 | Build | House |
| 17:59 | Build | House |
| 18:02 | Build | House |
| 18:04 | Build | House |
| 18:16 | Create | Villager (Male) |
| 18:17 | Create | Villager (Male) |
| 18:36 | Build | Farm |
| 19:00 | Build | Farm |
| 19:28 | Build | Farm |
| 19:30 | Research | Castle Age |
| 22:10 | Age | Castle Age |
| 22:14 | Create | Villager (Male) |
| 22:14 | Create | Villager (Male) |
| 22:14 | Create | Villager (Male) |
| 22:15 | Create | Villager (Male) |
| 22:22 | Build | Town Center |
| 22:30 | Build | Town Center |
| 22:44 | Create | Villager (Male) |
| 22:44 | Create | Villager (Male) |
| 22:44 | Create | Villager (Male) |
| 23:00 | Build | Mill |
| 23:07 | Build | Farm |
| 23:13 | Build | Farm |
| 23:20 | Research | Heavy Plow |
| 23:22 | Research | Stone Shaft Mining |
| 23:30 | Research | Bow Saw |
| 23:34 | Research | Scale Barding Armor |
| 23:44 | Build | Farm |
| 23:46 | Create | Villager (Male) |
| 23:58 | Create | Villager (Male) |
| 23:58 | Create | Villager (Male) |
| 23:58 | Create | Villager (Male) |
| 24:09 | Build | Farm |
| 24:13 | Build | Farm |
| 24:15 | Create | Villager (Male) |
| 24:16 | Create | Villager (Male) |
| 24:16 | Create | Villager (Male) |
| 24:16 | Create | Villager (Male) |
| 24:16 | Create | Villager (Male) |
| 24:23 | Create | Villager (Male) |
| 24:23 | Create | Villager (Male) |
| 24:51 | Create | Villager (Male) |
| 24:57 | Build | Farm |
| 24:59 | Build | Farm |
| 25:12 | Build | Farm |
| 25:13 | Create | Villager (Male) |
| 25:13 | Create | Villager (Male) |
| 25:14 | Create | Villager (Male) |
| 25:25 | Build | Castle |
| 25:33 | Create | Villager (Male) |
| 25:33 | Create | Villager (Male) |
| 25:54 | Create | Villager (Male) |
| 25:58 | Create | Villager (Male) |
| 25:58 | Create | Villager (Male) |
| 25:59 | Create | Villager (Male) |
| 25:59 | Create | Villager (Male) |
| 25:59 | Create | Villager (Male) |
| 26:00 | Create | Villager (Male) |
| 26:07 | Build | Farm |
| 26:09 | Build | Farm |
| 26:34 | Create | Villager (Male) |
| 26:34 | Create | Villager (Male) |
| 26:34 | Create | Villager (Male) |
| 26:35 | Create | Villager (Male) |
| 26:42 | Build | Farm |
| 26:43 | Build | Farm |
| 26:45 | Build | Farm |
| 26:59 | Build | Farm |
| 27:01 | Build | Farm |
Build order — 1361331795
First 150 of 389 actions detected
| 0:07 | Build | House |
| 0:08 | Build | House |
| 0:16 | Create | Villager (Male) |
| 0:16 | Research | Loom |
| 0:16 | Create | Villager (Male) |
| 0:17 | Create | Villager (Male) |
| 0:17 | Create | Villager (Male) |
| 0:33 | Build | Palisade Wall |
| 0:51 | Build | Palisade Wall |
| 0:52 | Build | Palisade Wall |
| 0:53 | Build | Palisade Wall |
| 1:25 | Build | House |
| 1:56 | Build | Palisade Wall |
| 2:02 | Build | House |
| 2:22 | Build | Palisade Wall |
| 2:28 | Create | Villager (Male) |
| 2:29 | Create | Villager (Male) |
| 3:06 | Create | Villager (Male) |
| 3:38 | Create | Villager (Male) |
| 3:39 | Create | Villager (Male) |
| 4:01 | Create | Villager (Male) |
| 4:07 | Build | Mill |
| 4:19 | Create | Villager (Male) |
| 4:50 | Create | Villager (Male) |
| 5:22 | Create | Villager (Male) |
| 5:22 | Create | Villager (Male) |
| 6:03 | Create | Villager (Male) |
| 6:17 | Create | Villager (Male) |
| 6:34 | Build | Dock |
| 6:57 | Create | Villager (Male) |
| 6:58 | Create | Villager (Male) |
| 7:54 | Create | Villager (Male) |
| 7:54 | Create | Villager (Male) |
| 8:31 | Create | Villager (Male) |
| 8:31 | Create | Villager (Male) |
| 8:34 | Build | Lumber Camp |
| 9:07 | Create | Fishing Ship |
| 9:27 | Create | Villager (Male) |
| 9:55 | Create | Villager (Male) |
| 9:57 | Create | Villager (Male) |
| 10:12 | Create | Fishing Ship |
| 10:13 | Create | Fishing Ship |
| 10:45 | Create | Villager (Male) |
| 10:50 | Research | Feudal Age |
| 10:57 | Build | Mining Camp |
| 11:06 | Create | Fishing Ship |
| 11:45 | Build | House |
| 11:47 | Build | House |
| 11:57 | Build | House |
| 11:58 | Build | House |
| 11:59 | Build | House |
| 12:01 | Build | House |
| 12:17 | Create | Villager (Male) |
| 12:17 | Create | Villager (Male) |
| 13:24 | Age | Feudal Age |
| 13:27 | Create | Villager (Male) |
| 13:50 | Research | Double-Bit Axe |
| 14:00 | Build | Lumber Camp |
| 14:09 | Create | Fishing Ship |
| 14:26 | Create | Villager (Male) |
| 14:32 | Build | Stone Wall |
| 14:38 | Build | Building 673 |
| 14:44 | Build | House |
| 14:57 | Research | Tech 906 |
| 15:00 | Create | Villager (Male) |
| 15:09 | Research | Horse Collar |
| 15:33 | Build | Market |
| 15:44 | Build | Blacksmith |
| 16:03 | Create | Villager (Male) |
| 16:09 | Create | Villager (Male) |
| 16:41 | Build | Market |
| 16:45 | Build | Market |
| 16:51 | Research | Castle Age |
| 17:24 | Build | Mining Camp |
| 18:04 | Build | Fish Trap |
| 18:07 | Build | Fish Trap |
| 18:11 | Build | Fish Trap |
| 18:15 | Build | Fish Trap |
| 18:17 | Build | Fish Trap |
| 18:22 | Create | Fishing Ship |
| 19:14 | Build | Fish Trap |
| 19:17 | Create | Fishing Ship |
| 19:33 | Age | Castle Age |
| 19:43 | Build | Stone Wall |
| 19:55 | Build | Town Center |
| 20:02 | Build | Town Center |
| 20:06 | Create | Villager (Male) |
| 20:06 | Create | Villager (Male) |
| 20:06 | Create | Villager (Male) |
| 20:18 | Research | Bow Saw |
| 20:23 | Build | Fish Trap |
| 20:48 | Build | House |
| 21:32 | Build | Farm |
| 21:33 | Build | Farm |
| 21:33 | Build | Farm |
| 21:35 | Build | Farm |
| 21:37 | Build | Farm |
| 21:38 | Create | Villager (Male) |
| 21:38 | Create | Villager (Male) |
| 21:53 | Build | Stone Wall |
| 21:54 | Build | Stone Wall |
| 22:02 | Create | Villager (Male) |
| 22:02 | Create | Villager (Male) |
| 22:03 | Create | Villager (Male) |
| 22:03 | Create | Villager (Male) |
| 22:12 | Build | Stone Wall |
| 22:21 | Build | House |
| 22:22 | Build | House |
| 22:24 | Build | House |
| 22:30 | Create | Villager (Male) |
| 22:31 | Create | Villager (Male) |
| 22:33 | Create | Villager (Male) |
| 22:33 | Create | Villager (Male) |
| 22:33 | Create | Villager (Male) |
| 22:37 | Build | Farm |
| 22:40 | Create | Villager (Male) |
| 23:07 | Build | Farm |
| 23:19 | Create | Villager (Male) |
| 23:21 | Create | Villager (Male) |
| 23:22 | Create | Villager (Male) |
| 23:25 | Build | Farm |
| 23:26 | Create | Villager (Male) |
| 23:27 | Create | Villager (Male) |
| 23:27 | Create | Villager (Male) |
| 23:51 | Build | House |
| 23:56 | Build | Farm |
| 24:23 | Build | Farm |
| 24:24 | Create | Villager (Male) |
| 24:24 | Create | Villager (Male) |
| 24:33 | Build | Barracks |
| 24:36 | Create | Villager (Male) |
| 24:52 | Build | Farm |
| 25:00 | Build | House |
| 25:19 | Build | Farm |
| 25:21 | Create | Villager (Male) |
| 25:22 | Create | Villager (Male) |
| 25:26 | Create | Villager (Male) |
| 25:27 | Create | Villager (Male) |
| 25:27 | Create | Villager (Male) |
| 25:29 | Create | Villager (Male) |
| 25:29 | Create | Villager (Male) |
| 25:29 | Create | Villager (Male) |
| 25:36 | Build | Farm |
| 25:47 | Build | Castle |
| 25:57 | Build | Archery Range |
| 25:58 | Build | Archery Range |
| 26:01 | Build | Farm |
| 26:02 | Create | Villager (Male) |
| 26:05 | Create | Villager (Male) |
| 26:07 | Build | Farm |
Match timeline
| 0:33 | 1361331795 · wall_segment Palisade Wall x8 |
| 0:51 | 1361331795 · wall_segment Palisade Wall x1 |
| 0:52 | 1361331795 · wall_segment Palisade Wall x1 |
| 0:53 | 1361331795 · wall_segment Palisade Wall x1 |
| 1:17 | Halshy · wall_segment Palisade Wall x15 |
| 1:20 | Patheris · wall_segment Palisade Wall x7 |
| 1:56 | 1361331795 · wall_segment Palisade Wall x1 |
| 2:22 | 1361331795 · wall_segment Palisade Wall x5 |
| 3:54 | paludoortiz · wall_segment Palisade Wall x14 |
| 4:58 | Halshy · wall_segment Palisade Wall x2 |
| 5:00 | paludoortiz · wall_segment Palisade Wall x9 |
| 5:03 | paludoortiz · wall_segment Palisade Wall x7 |
| 5:04 | paludoortiz · wall_segment Palisade Wall x4 |
| 6:34 | 1361331795 · first_building Dock |
| 6:55 | steve-biewer · wall_segment Palisade Wall x1 |
| 7:06 | steve-biewer · wall_segment Palisade Wall x5 |
| 7:24 | Stereophonic the Awesome · first_building Dock |
| 8:45 | steve-biewer · wall_segment Palisade Wall x1 |
| 8:53 | Halshy · first_building Dock |
| 9:32 | KİMKİ60 · first_building Barracks |
| 9:50 | KİMKİ60 · age_up feudal |
| 12:10 | Malatyalı44 · age_up feudal |
| 12:16 | paludoortiz · wall_segment Palisade Wall x12 |
| 12:44 | Stereophonic the Awesome · age_up feudal |
| 13:24 | 1361331795 · age_up feudal |
| 13:26 | paludoortiz · wall_segment Palisade Wall x6 |
| 13:42 | Stereophonic the Awesome · wall_segment Stone Wall x7 |
| 14:01 | Patheris · age_up feudal |
| 14:07 | Halshy · age_up feudal |
| 14:32 | 1361331795 · wall_segment Stone Wall x11 |
| 14:34 | paludoortiz · wall_segment Palisade Wall x10 |
| 15:10 | steve-biewer · age_up feudal |
| 16:16 | steve-biewer · first_building Barracks |
| 16:42 | Malatyalı44 · age_up castle |
| 16:48 | Halshy · first_building Barracks |
| 17:14 | Patheris · first_building Barracks |
| 17:18 | steve-biewer · first_building Stable |
| 17:41 | Malatyalı44 · wall_segment Stone Wall x5 |
| 18:42 | Patheris · age_up castle |
| 18:59 | paludoortiz · first_building Barracks |
| 19:33 | 1361331795 · age_up castle |
| 19:38 | Halshy · wall_segment Stone Wall x7 |
| 19:43 | 1361331795 · wall_segment Stone Wall x12 |
| 19:50 | Stereophonic the Awesome · first_building Barracks |
| 20:17 | Malatyalı44 · first_building Barracks |
| 20:54 | Halshy · first_market_sell 100 wood |
| 21:12 | Stereophonic the Awesome · wall_segment Stone Wall x18 |
| 21:44 | Stereophonic the Awesome · age_up castle |
| 21:53 | 1361331795 · wall_segment Stone Wall x1 |
| 21:54 | 1361331795 · wall_segment Stone Wall x1 |
| 21:57 | Malatyalı44 · first_building Archery Range |
| 21:58 | Halshy · age_up castle |
| 22:10 | steve-biewer · age_up castle |
| 22:12 | 1361331795 · wall_segment Stone Wall x1 |
| 22:13 | Malatyalı44 · first_building Castle |
| 22:36 | paludoortiz · age_up feudal |
| 23:29 | KİMKİ60 · age_up castle |
| 23:33 | Halshy · first_market_buy 100 wood |
| 23:34 | Stereophonic the Awesome · first_building Stable |
| 24:33 | 1361331795 · first_building Barracks |
| 24:37 | Halshy · wall_segment Stone Wall x6 |
| 25:25 | steve-biewer · first_building Castle |
| 25:47 | 1361331795 · first_building Castle |
| 25:50 | KİMKİ60 · first_building Siege Workshop |
| 25:57 | 1361331795 · first_building Archery Range |
| 26:13 | Halshy · first_building Monastery |
| 26:25 | Stereophonic the Awesome · wall_segment Stone Wall x12 |
| 26:27 | KİMKİ60 · first_building Stable |
| 27:09 | Patheris · first_building Castle |
| 27:09 | KİMKİ60 · wall_segment Stone Wall x11 |
| 27:26 | 1361331795 · wall_segment Stone Wall x1 |
| 27:30 | Stereophonic the Awesome · first_building Archery Range |
| 28:34 | KİMKİ60 · age_up imperial |
| 28:35 | KİMKİ60 · first_building Castle |
| 28:55 | Patheris · wall_segment Stone Wall x4 |
| 29:11 | Patheris · wall_segment Stone Wall x4 |
| 29:29 | 1361331795 · first_market_sell 100 wood |
| 29:36 | paludoortiz · first_market_buy 100 food |
| 29:39 | paludoortiz · first_market_sell 100 wood |
| 29:51 | Malatyalı44 · first_building Monastery |
| 30:20 | Stereophonic the Awesome · wall_segment Stone Wall x2 |
| 30:34 | Halshy · first_building Archery Range |
| 32:14 | Patheris · first_building Monastery |
| 32:43 | 1361331795 · age_up imperial |
| 32:46 | Halshy · wall_segment Stone Wall x7 |
| 32:50 | Malatyalı44 · first_market_sell 100 wood |
| 32:52 | Halshy · wall_segment Stone Wall x6 |
| 34:17 | Halshy · first_building Castle |
| 34:42 | Patheris · age_up imperial |
| 35:45 | 1361331795 · first_building Monastery |
| 36:52 | steve-biewer · age_up imperial |
| 36:56 | Halshy · age_up imperial |
| 37:02 | Malatyalı44 · first_building Siege Workshop |
| 37:28 | KİMKİ60 · first_building Monastery |
| 37:37 | Malatyalı44 · age_up imperial |
| 37:44 | Stereophonic the Awesome · wall_segment Stone Wall x11 |
| 38:40 | paludoortiz · first_building Archery Range |
| 38:53 | paludoortiz · first_building Stable |
| 39:36 | Stereophonic the Awesome · wall_segment Stone Wall x4 |
| 39:47 | Stereophonic the Awesome · wall_segment Stone Wall x1 |
| 40:11 | paludoortiz · age_up castle |
| 40:39 | Stereophonic the Awesome · wall_segment Stone Wall x14 |
| 41:03 | Stereophonic the Awesome · wall_segment Stone Wall x4 |
| 41:16 | Stereophonic the Awesome · first_building Castle |
| 41:24 | 1361331795 · first_market_buy 100 stone |
| 42:19 | 1361331795 · wall_segment Stone Wall x6 |
| 42:45 | Stereophonic the Awesome · first_building Siege Workshop |
| 43:02 | Malatyalı44 · first_building Stable |
| 43:35 | paludoortiz · first_building Castle |
| 45:09 | Halshy · wall_segment Stone Wall x1 |
| 47:05 | Stereophonic the Awesome · age_up imperial |
| 54:45 | paludoortiz · first_building Monastery |
| 54:49 | Malatyalı44 · tribute_sent a jugador 1 |
| 54:49 | Malatyalı44 · tribute_sent a jugador 2 |
| 54:49 | Malatyalı44 · tribute_sent a jugador 3 |
| 54:49 | Malatyalı44 · tribute_sent a jugador 5 |
| 54:49 | Malatyalı44 · tribute_sent a jugador 6 |
| 54:49 | Malatyalı44 · tribute_sent a jugador 7 |
| 54:49 | Malatyalı44 · tribute_sent a jugador 8 |
| 55:44 | paludoortiz · wall_segment Stone Wall x13 |
| 56:50 | Stereophonic the Awesome · first_market_sell 100 food |
| 56:52 | Stereophonic the Awesome · first_market_buy 100 stone |
| 57:05 | KİMKİ60 · wall_segment Stone Wall x16 |
| 57:05 | Malatyalı44 · wall_segment Stone Wall x12 |
| 57:08 | KİMKİ60 · wall_segment Stone Wall x12 |
| 57:12 | KİMKİ60 · wall_segment Stone Wall x15 |
| 57:18 | KİMKİ60 · wall_segment Stone Wall x11 |
| 57:22 | KİMKİ60 · wall_segment Stone Wall x11 |
| 59:09 | Malatyalı44 · tribute_sent a jugador 1 |
| 59:09 | Malatyalı44 · tribute_sent a jugador 2 |
| 59:09 | Malatyalı44 · tribute_sent a jugador 3 |
| 59:09 | Malatyalı44 · tribute_sent a jugador 5 |
| 59:09 | Malatyalı44 · tribute_sent a jugador 6 |
| 59:09 | Malatyalı44 · tribute_sent a jugador 7 |
| 59:09 | Malatyalı44 · tribute_sent a jugador 8 |
| 59:37 | Patheris · first_building Siege Workshop |
| 61:48 | Patheris · resign |
| 66:03 | paludoortiz · first_building Siege Workshop |
| 66:06 | Malatyalı44 · tribute_sent a jugador 1 |
| 66:06 | Malatyalı44 · tribute_sent a jugador 2 |
| 66:06 | Malatyalı44 · tribute_sent a jugador 3 |
| 66:06 | Malatyalı44 · tribute_sent a jugador 5 |
| 66:06 | Malatyalı44 · tribute_sent a jugador 6 |
| 66:06 | Malatyalı44 · tribute_sent a jugador 7 |
| 66:06 | Malatyalı44 · tribute_sent a jugador 8 |
| 67:22 | KİMKİ60 · first_market_buy 100 stone |
| 69:06 | 1361331795 · wall_segment Stone Wall x1 |
| 69:07 | KİMKİ60 · first_building Archery Range |
[ AI ANALYSIS · 1 CREDIT ]
What really happened in this match?
Wolo.gg analyzes every decision: build order, eco, micro, common mistakes by bracket. Personalized analysis on WhatsApp or Discord in 30 seconds.
Civ guide
Vikings
Map guide
Black Forest
Perfil
Patheris